 Dungeon Crawl Stone Soup version 0.31.0-1-g2c135a0 (webtiles) character file.

Game seed: 4528892349593666910

23 dino the Trooper (level 2, -1/27 HPs)
             Began as a Draconian Berserker on Jan 24, 2024.
             Was a Follower of Trog.
             Slain by a ball python (2 damage)
             ... on level 2 of the Dungeon.
             The game lasted 00:05:05 (996 turns).

dino the Trooper (Draconian Berserker)               Turns: 996, Time: 00:05:06

Health: -1/27      AC:  4    Str: 19    XL:     2   Next: 75%
Magic:  2/2        EV: 12    Int:  7    God:    Trog [*.....]
Gold:   97         SH:  0    Dex: 10    Spells: 1/1 levels left

rFire   . . .        a - +0 falchion
rCold   . . .        (no shield)
rNeg    . . .        (body armour unavailable)
rPois   .            (helmet restricted)
rElec   .            (no cloak)
rCorr   .            (no gloves)
SInv    .            (no boots)
Will    .....        (no amulet)
Stlth   +            (no ring)
HPRegen 0.24/turn    (no ring)
MPRegen 0.08/turn

%: no passive effects
@: no status effects
A: AC +4, unfitting armour, cold-blooded
a: Renounce Religion, Berserk


You were on level 2 of the Dungeon.
You worshipped Trog.
Trog was aware of your devotion.
You visited 1 branch of the dungeon, and saw 2 of its levels.

You collected 97 gold pieces.

Inventory:

Hand Weapons
 a - a +0 falchion (weapon)
 f - a +0 club
 g - a +0 sling
Missiles
 b - 12 stones (quivered)
 h - 5 poisoned darts
Armour
 p - a +2 hat
Talismans
 e - a maw talisman
Scrolls
 k - a scroll of teleportation {unknown}
 l - a scroll of noise {unknown}
 m - a scroll of brand weapon {unknown}
Potions
 c - 2 potions of attraction {unknown}
 d - 2 potions of heal wounds {unknown}
 i - a potion of lignification {unknown}
 j - a potion of magic {unknown}
 n - a potion of brilliance {unknown}
 o - a potion of cancellation {unknown}


   Skills:
 + Level 3.8 Fighting
 + Level 3.4 Long Blades
 + Level 2.9 Dodging
 + Level 0.1 Stealth


You had one spell level left.
You didn't know any spells.
Your spell library was empty.

Dungeon Overview and Level Annotations

Branches:
Dungeon (2/15)

Altars:


Innate Abilities, Weirdness & Mutations

Your plain brown scales are hard. (AC +4)
You cannot fit into any form of body armour.
You are cold-blooded and may be slowed by cold attacks.


Message History

The bat is severely wounded.
The bat closely misses you. x2
You hit the bat.
You kill the bat!
Trog accepts your kill.
You see here a bat corpse.
A ball python comes into view.
The ball python attacks as it pursues you!
The ball python bites you. The ball python closely misses you.
You see here a +2 hat.
p - a +2 hat The ball python misses you.
The ball python barely misses you.
You hit the ball python.
You kill the ball python!
Trog accepts your kill.
HP restored.
A ball python comes into view.
Okay, then.
A ball python is nearby!
The ball python hisses angrily.
You begin transforming.
You continue transforming. x3
You turn into a creature with a mouth for a stomach.
A ball python is nearby!
You begin untransforming.
You continue untransforming.
The ball python misses you. The ball python grabs you.
The ball python constricts you.
You continue untransforming.
The ball python bites you but does no damage.
The ball python constricts you.
You continue untransforming.
The ball python bites you but does no damage.
The ball python constricts you.
Ouch! That really hurt!
The ball python barely misses you. The ball python constricts you.
Your transformation has ended.
The ball python bites you but does no damage.
The ball python constricts you.
You escape the ball python's grasp.
The ball python bites you.
You die...

#....### #.##.†.###
... ###...# #
#....###...# .#
....#.......####.###.
......###............
.. ###...#..##
###....# #S@...#
#.............
#.....########
...#### #. .


You could see a ball python.

Vanquished Creatures
  2 endoplasms (D:1)
  3 giant cockroaches (D:1)
  A goblin (D:1)
  4 hobgoblins (D:1)
  A quokka (D:1)
  2 ball pythons
  5 bats
  2 frilled lizards (D:1)
  A rat (D:1)
21 creatures vanquished.

Notes
Turn   | Place    | Note
-------+----------+-------------------------------------------
     0 | D:1      | dino the Draconian Berserker began the quest for the Orb.
     0 | D:1      | Reached XP level 1. HP: 19/19 MP: 1/1
   317 | D:1      | Reached XP level 2. HP: 17/27 MP: 2/2
   996 | D:2      | Slain by a ball python

Illustrated notes

Levels and vault maps discovered:
D:1:      dpeg_arrival_rhombi, layout_basic, minmay_pentomino_o2
D:2:      layout_rooms, uniq_natasha

Action                     || total
---------------------------++-------
  Melee: Falchion          ||    70
         Tailslap          ||     5
 Armour: Skin              ||    59
  Dodge: Dodged            ||    69
         Form:             ||     1
         Maw               ||     1
